[Event "ICC tourney 2357 (30 5)"]
[Site "Internet Chess Club"]
[Date "2021.01.30"]
[Round "2"]
[White "stanikbenes"]
[Black "reyanshgandhi"]
[Result "0-1"]
[ICCResult "White checkmated"]
[WhiteElo "472"]
[BlackElo "721"]
[Opening "Four knights: Scotch, 4...exd4"]
[ECO "C47"]
[NIC "KP.06"]
[Time "12:51:15"]
[PlyCount "56"]
[TimeControl "1800+5"]

1. e4 e5 2. Nf3 Nc6 3. Nc3 Nf6 4. d4 exd4 5. Nxd4 Nxd4 6. Qxd4 b6 7. Bg5
Be7 8. O-O-O Bb7 9. Bd3 h6 10. Bh4 g5 11. Bg3 h5 12. e5 Bc5 13. Qc4 Ng8 14.
f4 h4 15. Be1 Bxg2 16. Rg1 Bxg1 17. Be4 Bxe4 18. Qxe4 Bxh2 19. Nb5 Bxf4+
20. Bd2 Bxd2+ 21. Rxd2 h3 22. Nxc7+ Qxc7 23. Qxa8+ Ke7 24. Qe4 h2 25. Qh1
Qxe5 26. Rxh2 Rxh2 27. Qf1 Qe3+ 28. Kd1 Qd2# { White checkmated } 0-1

[Event "ICC tourney 2357 (30 5)"]
[Site "Internet Chess Club"]
[Date "2021.01.30"]
[Round "2"]
[White "DeDeBoy"]
[Black "ZoeQ300"]
[Result "1-0"]
[ICCResult "Black checkmated"]
[WhiteElo "726"]
[BlackElo "560"]
[Opening "Sicilian"]
[ECO "B50"]
[NIC "SI.01"]
[Time "12:50:39"]
[PlyCount "51"]
[TimeControl "1800+5"]

1. e4 c5 2. Nf3 d6 3. Nc3 Nc6 4. Bb5 Bd7 5. Bxc6 Bxc6 6. O-O e6 7. d3 Nf6
8. Bg5 Be7 9. Bxf6 Bxf6 10. Re1 O-O 11. e5 dxe5 12. Nxe5 Bxe5 13. Rxe5 Qf6
14. Re1 Qg6 15. g3 Qh6 16. Ne4 f5 17. Nd6 Qh3 18. f3 Qg2+ 19. Kxg2 e5 20.
Rxe5 Rf6 21. Nc4 Rg6 22. Qe1 Rg4 23. Na5 Rg6 24. Nxc6 bxc6 25. Re8+ Rxe8
26. Qxe8# { Black checkmated } 1-0

[Event "ICC tourney 2357 (30 5)"]
[Site "Internet Chess Club"]
[Date "2021.01.30"]
[Round "2"]
[White "connorp9"]
[Black "ElianaE111M"]
[Result "1-0"]
[ICCResult "Black checkmated"]
[WhiteElo "866"]
[BlackElo "394"]
[Opening "Bishop's opening: Classical variation"]
[ECO "C23"]
[NIC "IG.04"]
[Time "12:50:57"]
[PlyCount "39"]
[TimeControl "1800+5"]

1. e4 e5 2. Bc4 Bc5 3. Qh5 Qe7 4. Nf3 Nf6 5. Qxe5 Qxe5 6. Nxe5 O-O 7. Nc3
Nxe4 8. Nxe4 Re8 9. Bxf7+ Kh8 10. Bxe8 d6 11. Nxc5 Bg4 12. Nxg4 Nc6 13.
Bxc6 dxc5 14. Bxb7 Re8+ 15. Kd1 g6 16. Re1 Rb8 17. Bc6 h5 18. Nf6 h4 19.
Re7 g5 20. Rh7# { Black checkmated } 1-0

[Event "ICC tourney 2357 (30 5)"]
[Site "Internet Chess Club"]
[Date "2021.01.30"]
[Round "2"]
[White "Prezelton"]
[Black "rohanagarwal"]
[Result "1-0"]
[ICCResult "Black checkmated"]
[WhiteElo "709"]
[BlackElo "100"]
[Opening "Scandinavian (center counter) defense"]
[ECO "B01"]
[NIC "VO.17"]
[Time "12:51:15"]
[PlyCount "67"]
[TimeControl "1800+5"]

1. e4 d5 2. exd5 h5 3. Nc3 Bg4 4. Be2 Bxe2 5. Qxe2 Nd7 6. d3 Ne5 7. Qxe5
Qd7 8. Nf3 O-O-O 9. O-O Qd6 10. Nb5 Qxe5 11. Nxe5 c6 12. dxc6 bxc6 13. Nxc6
Re8 14. Nbxa7+ Kc7 15. Bf4+ Kb7 16. c4 Rc8 17. b4 Rxc6 18. Nxc6 Kxc6 19. d4
Kd7 20. c5 Rh6 21. Bxh6 gxh6 22. a4 Kc8 23. b5 e6 24. Rfe1 Bxc5 25. dxc5
Nf6 26. Re3 Nd5 27. Rf3 Nf4 28. Rxf4 e5 29. Rxf7 Kd8 30. a5 Ke8 31. Ra7 Kd8
32. Rd1+ Kc8 33. b6 Kb8 34. Rd8# { Black checkmated } 1-0

[Event "ICC tourney 2357 (30 5)"]
[Site "Internet Chess Club"]
[Date "2021.01.30"]
[Round "2"]
[White "nithin0628"]
[Black "JDWJamJam"]
[Result "0-1"]
[ICCResult "White resigns"]
[WhiteElo "818"]
[BlackElo "671"]
[Opening "Caro-Kann: advance variation"]
[ECO "B12"]
[NIC "CK.04"]
[Time "12:50:34"]
[PlyCount "55"]
[TimeControl "1800+5"]

1. e4 c6 2. d4 d5 3. e5 Bf5 4. Nf3 Nd7 5. Bd3 Bxd3 6. Qxd3 e6 7. O-O Bb4 8.
c3 Ba5 9. b4 Bc7 10. Be3 Ne7 11. Nbd2 O-O 12. Bg5 h6 13. Bh4 Bb6 14. a4 a6
15. a5 Ba7 16. Rfe1 b6 17. axb6 Bxb6 18. Rxa6 Rxa6 19. Qxa6 Nb8 20. Qb7 Re8
21. Bxe7 Rxe7 22. c4 Rxb7 23. c5 Bc7 24. Ra1 Rxb4 25. h4 Nd7 26. g4 Ba5 27.
Rxa5 Qxa5 28. g5 { White resigns } 0-1

[Event "ICC tourney 2357 (30 5)"]
[Site "Internet Chess Club"]
[Date "2021.01.30"]
[Round "2"]
[White "Flames2501"]
[Black "ambitiouscow"]
[Result "0-1"]
[ICCResult "White checkmated"]
[WhiteElo "696"]
[BlackElo "896"]
[Opening "Center game: Paulsen attack"]
[ECO "C22"]
[NIC "KP.04"]
[Time "12:50:23"]
[PlyCount "54"]
[TimeControl "1800+5"]

1. e4 e5 2. d4 exd4 3. Qxd4 Nc6 4. Qe3 d6 5. Nc3 Nf6 6. Bd2 g6 7. O-O-O Be6
8. Nf3 Bg7 9. Bd3 O-O 10. h4 d5 11. exd5 Nxd5 12. Nxd5 Qxd5 13. Bc3 Bxc3
14. bxc3 Qxa2 15. Kd2 Rad8 16. Nd4 Nxd4 17. cxd4 Qa5+ 18. c3 Qa2+ 19. Bc2
Bb3 20. Rc1 c5 21. Kd1 cxd4 22. cxd4 Rfe8 23. Qxb3 Rxd4+ 24. Qd3 Rxd3+ 25.
Bxd3 Qa4+ 26. Bc2 Qd4+ 27. Bd3 Qxd3# { White checkmated } 0-1

[Event "ICC tourney 2357 (30 5)"]
[Site "Internet Chess Club"]
[Date "2021.01.30"]
[Round "2"]
[White "rehatag"]
[Black "HCESBenjaminM"]
[Result "1-0"]
[ICCResult "Black checkmated"]
[WhiteElo "625"]
[BlackElo "780"]
[Opening "Ruy Lopez: classical (Cordel) defense"]
[ECO "C64"]
[NIC "RL.01"]
[Time "12:50:38"]
[PlyCount "93"]
[TimeControl "1800+5"]

1. e4 e5 2. Nf3 Nc6 3. Bb5 Bc5 4. O-O d6 5. h3 Be6 6. d3 h6 7. Be3 Bb6 8.
Nc3 Nf6 9. d4 exd4 10. Nxd4 Bxd4 11. Bxd4 O-O 12. Bxc6 bxc6 13. Bxf6 Qxf6
14. Re1 Qg6 15. Qf3 Rab8 16. b3 Rfe8 17. Rad1 Rbd8 18. Qg3 Qf6 19. e5 dxe5
20. Rxd8 Rxd8 21. Rxe5 Qg6 22. Qxg6 fxg6 23. Rxe6 Rd2 24. Rxg6 Rxc2 25.
Rxc6 Kf8 26. Rxc7 Kg8 27. Rc8+ Kh7 28. Rc4 Kg6 29. Kh2 Rxf2 30. Rg4+ Kf6
31. Ne4+ Kf5 32. Nxf2 Ke5 33. Rxg7 a5 34. Rh7 Kd5 35. Rxh6 Ke5 36. Rh5+ Kf6
37. Rxa5 Kg6 38. Rc5 Kf6 39. b4 Ke6 40. b5 Kd6 41. Rc1 Kd5 42. b6 Kd6 43.
b7 Kd7 44. b8=Q Ke7 45. Qb6 Kf7 46. Rc7+ Kf8 47. Qb8# { Black checkmated }
1-0

[Event "ICC tourney 2357 (30 5)"]
[Site "Internet Chess Club"]
[Date "2021.01.30"]
[Round "2"]
[White "LucaV"]
[Black "milesmcwu"]
[Result "1-0"]
[ICCResult "Black checkmated"]
[WhiteElo "516"]
[BlackElo "732"]
[Opening "QGA: 3.e4"]
[ECO "D20"]
[NIC "QG.04"]
[Time "12:50:40"]
[PlyCount "39"]
[TimeControl "1800+5"]

1. d4 d5 2. c4 dxc4 3. e4 e6 4. Bxc4 Bb4+ 5. Nc3 Bxc3+ 6. bxc3 Nf6 7. Ba3
Bd7 8. Nf3 Nxe4 9. O-O Nxc3 10. Qb3 Ne4 11. Qxb7 Bc6 12. Qb2 Bd5 13. Bxd5
exd5 14. Qb5+ Nd7 15. Qxd5 Nef6 16. Rfe1+ Ne5 17. Rxe5+ Qe7 18. Rxe7+ Kf8
19. Qxa8+ Ne8 20. Qxe8# { Black checkmated } 1-0

[Event "ICC tourney 2357 (30 5)"]
[Site "Internet Chess Club"]
[Date "2021.01.30"]
[Round "2"]
[White "NotPolite"]
[Black "marksheinin"]
[Result "0-1"]
[ICCResult "White checkmated"]
[WhiteElo "827"]
[BlackElo "693"]
[Opening "Four knights game"]
[ECO "C47"]
[NIC "KP.06"]
[Time "12:50:38"]
[PlyCount "76"]
[TimeControl "1800+5"]

1. e4 e5 2. Nf3 Nc6 3. Nc3 Nf6 4. d3 Bc5 5. g3 Ng4 6. Be3 Bxe3 7. fxe3 Nxe3
8. Qe2 Nxf1 9. Rxf1 O-O 10. O-O-O d6 11. Rh1 Bg4 12. Rdg1 Nd4 13. Qe3 Bxf3
14. Rf1 Bxh1 15. Rxh1 Qf6 16. Qg1 b5 17. h4 b4 18. Nd5 Qh6+ 19. Kd1 Qh5+
20. Kc1 Qe2 21. Nxb4 c5 22. Rh2 Qg4 23. Nd5 Rab8 24. Kd2 Nf3+ 25. Ke2 Nxg1+
26. Ke3 Qf3+ 27. Kd2 Rxb2 28. Ne7+ Kh8 29. h5 Rb1 30. h6 gxh6 31. Rxh6 Rd1+
32. Kc3 Ne2+ 33. Kc4 Qe3 34. Rf6 Qd4+ 35. Kb5 Rb1+ 36. Kc6 Qa4+ 37. Kd5 Rb6
38. Nf5 Nc3# { White checkmated } 0-1

[Event "ICC tourney 2357 (30 5)"]
[Site "Internet Chess Club"]
[Date "2021.01.30"]
[Round "2"]
[White "BirchDavidM"]
[Black "ChattyYouth"]
[Result "1-0"]
[ICCResult "Black resigns"]
[WhiteElo "780"]
[BlackElo "621"]
[Opening "Queen's pawn"]
[ECO "A40"]
[NIC "QO.17"]
[Time "12:50:45"]
[PlyCount "36"]
[TimeControl "1800+5"]

1. d4 e6 2. Bf4 d5 3. Nf3 Bd6 4. Bg3 Nc6 5. e3 Nf6 6. c3 Bd7 7. Nbd2 O-O 8.
Bd3 Re8 9. Qc2 e5 10. dxe5 Bxe5 11. Nb3 Bxg3 12. hxg3 Ne4 13. O-O-O Nxf2
14. Bxh7+ Kf8 15. Qxf2 b5 16. Nfd4 Nxd4 17. Nxd4 c5 18. Bg6 cxd4 { Black
resigns } 1-0

[Event "ICC tourney 2357 (30 5)"]
[Site "Internet Chess Club"]
[Date "2021.01.30"]
[Round "2"]
[White "ethanw1234"]
[Black "Savethegoats"]
[Result "1-0"]
[ICCResult "Black checkmated"]
[WhiteElo "701"]
[BlackElo "290"]
[Opening "Four knights: Italian variation"]
[ECO "C55"]
[NIC "IG.01"]
[Time "12:50:36"]
[PlyCount "57"]
[TimeControl "1800+5"]

1. e4 e5 2. Nf3 Nc6 3. Bc4 Nf6 4. Nc3 Bd6 5. O-O O-O 6. d3 Be7 7. Bg5 h6 8.
Bxf6 Bxf6 9. Nd5 Nd4 10. Nxd4 exd4 11. Qh5 Bh4 12. c3 dxc3 13. bxc3 c6 14.
Nf4 Qf6 15. Ne2 d6 16. Qf3 Bg4 17. Qxg4 Rae8 18. Qf5 Qd8 19. Nf4 g6 20. Qg4
Qf6 21. Rab1 g5 22. Nh5 Qxc3 23. Rxb7 Qd2 24. Nf6+ Kh8 25. Nxe8 Rxe8 26.
Rxf7 Rb8 27. Qh5 Qc3 28. Qxh6+ Kg8 29. Qh7# { Black checkmated } 1-0

[Event "ICC tourney 2357 (30 5)"]
[Site "Internet Chess Club"]
[Date "2021.01.30"]
[Round "2"]
[White "TabithaP"]
[Black "shark5"]
[Result "1-0"]
[ICCResult "Black checkmated"]
[WhiteElo "559"]
[BlackElo "261"]
[Opening "Queen's pawn"]
[ECO "A40"]
[NIC "QO.17"]
[Time "12:52:06"]
[PlyCount "41"]
[TimeControl "1800+5"]

1. d4 e6 2. Nf3 d5 3. Bf4 c5 4. e3 Qb6 5. Nc3 Qxb2 6. Na4 Qb4+ 7. c3 Qa3 8.
Bb5+ Bd7 9. Bxd7+ Nxd7 10. O-O cxd4 11. exd4 b5 12. Rc1 bxa4 13. Rb1 Qxa2
14. Rb7 Qa3 15. Be5 Nxe5 16. Nxe5 Nf6 17. Rxf7 Qxc3 18. Qxa4+ Kd8 19. Rd7+
Kc8 20. Qa6+ Kb8 21. Qb7# { Black checkmated } 1-0

[Event "ICC tourney 2357 (30 5)"]
[Site "Internet Chess Club"]
[Date "2021.01.30"]
[Round "2"]
[White "LeniBps116"]
[Black "ivanachan"]
[Result "0-1"]
[ICCResult "White checkmated"]
[WhiteElo "262"]
[BlackElo "765"]
[Opening "Two knights defense"]
[ECO "C55"]
[NIC "IG.01"]
[Time "12:50:47"]
[PlyCount "76"]
[TimeControl "1800+5"]

1. e4 e5 2. Nf3 Nc6 3. Bc4 Nf6 4. O-O Nxe4 5. d3 Nf6 6. Bg5 h6 7. Bh4 g5 8.
Bg3 b6 9. Nbd2 Bb7 10. Bxe5 Ng4 11. Bxh8 Qe7 12. Bd4 O-O-O 13. Be5 Ngxe5
14. Nxe5 Qxe5 15. Nf3 Qxb2 16. Rb1 Qf6 17. Qe2 Bc5 18. Rbe1 Be7 19. d4 d5
20. Bb5 a6 21. Bxc6 Bxc6 22. Qe3 Re8 23. Re2 Bb5 24. Ree1 Bxf1 25. Kxf1 Qh8
26. Kg1 Kd8 27. Ne5 Bb4 28. Re2 f6 29. Ng6 Qg8 30. Ne7 Rxe7 31. Qd3 Qe8 32.
Qd1 Rxe2 33. h3 Re1+ 34. Qxe1 Qxe1+ 35. Kh2 Bd6+ 36. g3 Qd1 37. Kg2 Qxd4
38. Kf3 Qe4# { White checkmated } 0-1

[Event "ICC tourney 2357 (30 5)"]
[Site "Internet Chess Club"]
[Date "2021.01.30"]
[Round "2"]
[White "SABX4GOAT"]
[Black "Hermione18"]
[Result "0-1"]
[ICCResult "White checkmated"]
[WhiteElo "725"]
[BlackElo "472"]
[Opening "Four knights: Spanish, classical defense"]
[ECO "C48"]
[NIC "KP.03"]
[Time "12:51:15"]
[PlyCount "68"]
[TimeControl "1800+5"]

1. e4 e5 2. Nf3 Nc6 3. Bb5 Nf6 4. Nc3 Bc5 5. O-O d6 6. d3 Bg4 7. h3 Bh5 8.
Bg5 h6 9. Bh4 O-O 10. Bxc6 bxc6 11. Na4 Bd4 12. c3 Bb6 13. Nxb6 axb6 14.
Re1 d5 15. exd5 cxd5 16. Re3 Qd6 17. d4 e4 18. Nd2 Bxd1 19. Rxd1 Rfe8 20.
c4 Rxa2 21. cxd5 Qxd5 22. Rg3 Nh5 23. Rg4 Qe6 24. Re1 Nf6 25. Bxf6 Qxf6 26.
Rgxe4 Rxe4 27. Rxe4 Rxb2 28. Re8+ Kh7 29. Nf3 Qd6 30. Re1 b5 31. Rd1 Rc2
32. Rb1 b4 33. Rb3 Rc1+ 34. Ne1 Rxe1# { White checkmated } 0-1

[Event "ICC tourney 2357 (30 5)"]
[Site "Internet Chess Club"]
[Date "2021.01.30"]
[Round "2"]
[White "nihas204"]
[Black "lievicc"]
[Result "0-1"]
[ICCResult "White checkmated"]
[WhiteElo "660"]
[BlackElo "835"]
[Opening "Four knights: Italian variation"]
[ECO "C55"]
[NIC "IG.01"]
[Time "12:50:35"]
[PlyCount "60"]
[TimeControl "1800+5"]

1. e4 e5 2. Nf3 Nc6 3. Bc4 Nf6 4. Nc3 Nxe4 5. Nxe4 d5 6. Bxd5 Qxd5 7. Nc3
Qd8 8. d3 Bf5 9. Bg5 f6 10. Be3 Qd7 11. O-O O-O-O 12. Nb5 Nd4 13. Nbxd4
exd4 14. Bxd4 Bg4 15. h3 Bxf3 16. Qxf3 Qxd4 17. Qf5+ Qd7 18. Qa5 a6 19. b4
Bd6 20. c4 Be5 21. Rad1 c6 22. d4 Bxd4 23. a4 Bxf2+ 24. Rxf2 Qxd1+ 25. Rf1
Qd4+ 26. Rf2 Rhe8 27. Kh2 Qxf2 28. b5 Qf4+ 29. Kh1 Rd1+ 30. Qe1 Rexe1# {
White checkmated } 0-1

[Event "ICC tourney 2357 (30 5)"]
[Site "Internet Chess Club"]
[Date "2021.01.30"]
[Round "2"]
[White "ghraluca"]
[Black "RPC2020"]
[Result "1-0"]
[ICCResult "Black resigns"]
[WhiteElo "741"]
[BlackElo "563"]
[Opening "Giuoco Piano"]
[ECO "C50"]
[NIC "IG.02"]
[Time "12:50:42"]
[PlyCount "67"]
[TimeControl "1800+5"]

1. e4 e5 2. Nf3 Nc6 3. Bc4 Bc5 4. Nc3 Nge7 5. d3 d6 6. h3 O-O 7. Bg5 Qd7 8.
O-O a6 9. Nd2 b5 10. Bb3 Nd4 11. Bxe7 Qxe7 12. Bd5 Ra7 13. Nb3 Nxb3 14.
axb3 Bb7 15. Qg4 Bxd5 16. Nxd5 Qe8 17. Nf6+ Kh8 18. Nxe8 Rxe8 19. Qd7 Rf8
20. c3 b4 21. cxb4 Bxb4 22. Ra4 Bc5 23. Qc6 h6 24. Rxa6 Rxa6 25. Qxa6 Bd4
26. Qb7 Bxb2 27. Qxc7 Re8 28. Qxf7 Ra8 29. b4 Rb8 30. b5 Rxb5 31. Rb1 Rb3
32. Qxb3 Bd4 33. Qe6 Bxf2+ 34. Kxf2 { Black resigns } 1-0

[Event "ICC tourney 2357 (30 5)"]
[Site "Internet Chess Club"]
[Date "2021.01.30"]
[Round "2"]
[White "awesome122243"]
[Black "grandmasted"]
[Result "1-0"]
[ICCResult "Black checkmated"]
[WhiteElo "655"]
[BlackElo "827"]
[Opening "Sicilian: dragon variation"]
[ECO "B70"]
[NIC "SI.15"]
[Time "12:50:55"]
[PlyCount "83"]
[TimeControl "1800+5"]

1. e4 c5 2. Nf3 d6 3. d4 cxd4 4. Nxd4 Nf6 5. Nc3 g6 6. Bc4 Bg7 7. O-O Nxe4
8. Nxe4 d5 9. Bb5+ Nc6 10. Bxc6+ bxc6 11. Nxc6 Qd7 12. Bf4 Qxc6 13. Ng5
Bxb2 14. Rb1 Bg7 15. Re1 h6 16. Qe2 e6 17. Nf3 g5 18. Be5 g4 19. Bxg7 gxf3
20. Qxf3 Rg8 21. Bxh6 Rg6 22. Bf4 Qxc2 23. Qh3 Qxa2 24. Qh8+ Ke7 25. Qh7
Qc4 26. Bg3 a5 27. Bh4+ Kd6 28. Qxf7 Rh6 29. Bg3+ Kc5 30. Qc7+ Kd4 31. Be5+
Kd3 32. Red1+ Ke2 33. Re1+ Kd3 34. Rbd1+ Kc2 35. Rc1+ Kd3 36. Rxc4 dxc4 37.
Qd6+ Kc2 38. Re2+ Kb3 39. Qb6+ Ka3 40. Qb2+ Ka4 41. Re1 c3 42. Ra1# { Black
checkmated } 1-0

[Event "ICC tourney 2357 (30 5)"]
[Site "Internet Chess Club"]
[Date "2021.01.30"]
[Round "2"]
[White "Natethegreat12"]
[Black "SAEmilio"]
[Result "1-0"]
[ICCResult "Black resigns"]
[WhiteElo "889"]
[BlackElo "576"]
[Opening "Giuoco Piano"]
[ECO "C50"]
[NIC "IG.02"]
[Time "12:50:39"]
[PlyCount "106"]
[TimeControl "1800+5"]

1. e4 e5 2. Nf3 Nc6 3. Bc4 Bc5 4. O-O d6 5. d3 Bg4 6. Bxf7+ Kxf7 7. Ng5+
Kf8 8. Qxg4 Nf6 9. Qf5 Nd4 10. Ne6+ Ke7 11. Nxd8 Nxf5 12. exf5 Kxd8 13. Be3
Bxe3 14. fxe3 Ng4 15. Re1 Rf8 16. h3 Nh6 17. e4 d5 18. Nc3 dxe4 19. dxe4 c6
20. Ne2 Kc7 21. Ng3 g6 22. Rf1 gxf5 23. Nxf5 Nxf5 24. Rxf5 Rxf5 25. exf5
Rf8 26. g4 h5 27. Re1 hxg4 28. hxg4 Kd6 29. c4 Rg8 30. Re4 Kc5 31. a3 b5
32. cxb5 cxb5 33. Rxe5+ Kc6 34. Re4 Kd5 35. Rb4 Kc5 36. Kf2 a5 37. Rf4 Kd5
38. Kf3 Ke5 39. Re4+ Kd5 40. Kf4 Kc5 41. b3 Rf8 42. Re5+ Kc6 43. g5 a4 44.
b4 Rd8 45. f6 Rd4+ 46. Re4 Rd1 47. Re3 Rf1+ 48. Rf3 Rh1 49. f7 Rh8 50. Ke5
Kd7 51. f8=Q Rxf8 52. Rxf8 Ke7 53. Rb8 Kf7 { Black resigns } 1-0

[Event "ICC tourney 2357 (30 5)"]
[Site "Internet Chess Club"]
[Date "2021.01.30"]
[Round "2"]
[White "SAjenelleH3"]
[Black "LionsWilliamH"]
[Result "1-0"]
[ICCResult "Black resigns"]
[WhiteElo "772"]
[BlackElo "581"]
[Opening "Scandinavian (center counter) defense"]
[ECO "B01"]
[NIC "SD.01"]
[Time "12:50:37"]
[PlyCount "73"]
[TimeControl "1800+5"]

1. e4 d5 2. exd5 Qxd5 3. Nc3 Qa5 4. Nf3 Nf6 5. Bc4 Bf5 6. O-O c6 7. d3 e6
8. Bf4 Nbd7 9. a3 Qd8 10. Nh4 Bg4 11. f3 Nh5 12. fxg4 Nxf4 13. Rxf4 Qxh4
14. g3 Bc5+ 15. Kg2 Qg5 16. Qf1 O-O-O 17. h4 Qh6 18. g5 Qg6 19. b4 Bb6 20.
d4 c5 21. dxc5 Nxc5 22. bxc5 Bxc5 23. Na4 Rd2+ 24. Kh3 Bd4 25. Rd1 Qxc2 26.
Rc1 Rh2+ 27. Kg4 Qxa4 28. Bb5+ Rc2 29. Bxa4 Rxc1 30. Qxc1+ Kb8 31. Rxd4 a6
32. Qd2 f5+ 33. Kh3 h6 34. Rd8+ Rxd8 35. Qxd8+ Ka7 36. g6 e5 37. Bd7 {
Black resigns } 1-0

[Event "ICC tourney 2357 (30 5)"]
[Site "Internet Chess Club"]
[Date "2021.01.30"]
[Round "2"]
[White "msleese"]
[Black "kiaanj"]
[Result "0-1"]
[ICCResult "White checkmated"]
[WhiteElo "682"]
[BlackElo "871"]
[Opening "Giuoco Pianissimo"]
[ECO "C55"]
[NIC "IG.01"]
[Time "12:51:05"]
[PlyCount "64"]
[TimeControl "1800+5"]

1. e4 e5 2. Nf3 Nc6 3. Bc4 Nf6 4. d3 Bc5 5. c3 O-O 6. a4 a5 7. Bg5 h6 8.
Bxf6 Qxf6 9. O-O d6 10. Nbd2 Bg4 11. h3 Be6 12. b4 axb4 13. cxb4 Bxb4 14.
Bxe6 fxe6 15. Nc4 Rad8 16. Ne3 d5 17. exd5 exd5 18. Ng4 Qe6 19. Qe2 Bd6 20.
Rfe1 Rde8 21. Rab1 b6 22. Rbc1 Nb4 23. Rcd1 e4 24. dxe4 dxe4 25. Nd4 Qe7
26. Nf5 Rxf5 27. Ne3 Rff8 28. Nd5 Nxd5 29. Rxd5 Qe6 30. Rd4 Qe5 31. Rxe4
Qh2+ 32. Kf1 Qh1# { White checkmated } 0-1

[Event "ICC tourney 2357 (30 5)"]
[Site "Internet Chess Club"]
[Date "2021.01.30"]
[Round "2"]
[White "Samirarycs"]
[Black "keshavdesh"]
[Result "1-0"]
[ICCResult "Black checkmated"]
[WhiteElo "560"]
[BlackElo "269"]
[Opening "Three knights game"]
[ECO "C46"]
[NIC "KP.06"]
[Time "12:50:55"]
[PlyCount "89"]
[TimeControl "1800+5"]

1. e4 e5 2. Nf3 Nc6 3. Nc3 Bb4 4. Bc4 Nf6 5. Ng5 Qe7 6. Nxf7 O-O 7. Nd5 d6
8. Ne3 Be6 9. Bb5 Bxf7 10. Nf5 Qe6 11. Qe2 Bg6 12. Nh4 a6 13. Bc4 d5 14.
exd5 Nxd5 15. Nxg6 Qxg6 16. Bxd5+ Kh8 17. Be4 Qd6 18. O-O Nd4 19. Qg4 Rf4
20. Qh3 Rxe4 21. c3 Bc5 22. cxd4 Bxd4 23. d3 Rf4 24. Bxf4 exf4 25. Rfe1
Bxb2 26. Rab1 Bc3 27. Red1 Re8 28. a3 Qe7 29. g3 f3 30. Qf1 Qxa3 31. d4 b6
32. d5 c6 33. dxc6 Rc8 34. Qd3 Qf8 35. Qxc3 Qe8 36. Qxf3 Rxc6 37. Rbc1 Re6
38. Qb7 b5 39. Kg2 a5 40. Rc8 Qg8 41. Rdd8 Re8 42. Rxe8 h6 43. Rxg8+ Kh7
44. Qe4+ g6 45. Qxg6# { Black checkmated } 1-0

[Event "ICC tourney 2357 (30 5)"]
[Site "Internet Chess Club"]
[Date "2021.01.30"]
[Round "2"]
[White "mrandrew"]
[Black "GalinaLand"]
[Result "0-1"]
[ICCResult "White checkmated"]
[WhiteElo "333"]
[BlackElo "800"]
[Opening "QGD: Marshall defense"]
[ECO "D06"]
[NIC "QP.08"]
[Time "12:53:15"]
[PlyCount "86"]
[TimeControl "1800+5"]

1. d4 d5 2. c4 Nf6 3. cxd5 Nxd5 4. e4 Nf6 5. Nc3 Nc6 6. Be3 e5 7. dxe5
Qxd1+ 8. Rxd1 Ng4 9. Bg5 Ngxe5 10. b4 Bxb4 11. Kd2 Be6 12. Kc2 f6 13. Bf4
Bxc3 14. Kxc3 O-O 15. Be2 Rad8 16. Rxd8 Rxd8 17. Nf3 a6 18. Nxe5 Nxe5 19.
Bxe5 fxe5 20. Rd1 Rxd1 21. Bxd1 Bxa2 22. Bb3+ Bxb3 23. Kxb3 Kf7 24. Kc4 Ke6
25. h4 Kd6 26. g4 b5+ 27. Kb4 c5+ 28. Kb3 c4+ 29. Kc3 Kc5 30. h5 b4+ 31.
Kb2 c3+ 32. Kb3 a5 33. g5 g6 34. hxg6 hxg6 35. Kc2 Kc4 36. f4 exf4 37. e5
f3 38. e6 f2 39. e7 f1=Q 40. e8=Q Qd3+ 41. Kc1 Kb3 42. Qe6+ Qc4 43. Qxg6
Qf1# { White checkmated } 0-1

[Event "ICC tourney 2357 (30 5)"]
[Site "Internet Chess Club"]
[Date "2021.01.30"]
[Round "2"]
[White "SAH3Clint"]
[Black "ConnorGalvez"]
[Result "1-0"]
[ICCResult "Black checkmated"]
[WhiteElo "811"]
[BlackElo "657"]
[Opening "QGD: Marshall defense"]
[ECO "D06"]
[NIC "QP.08"]
[Time "12:57:47"]
[PlyCount "53"]
[TimeControl "1800+5"]

1. d4 d5 2. c4 Nf6 3. Nc3 Nc6 4. e3 Bf5 5. Nf3 e6 6. Bd3 Bxd3 7. Qxd3 Bb4
8. Bd2 O-O 9. O-O a5 10. a3 Bd6 11. c5 Be7 12. b3 b6 13. b4 axb4 14. axb4
Rxa1 15. Rxa1 bxc5 16. bxc5 g6 17. e4 dxe4 18. Nxe4 Nxe4 19. Qxe4 Qd5 20.
Qe3 Bf6 21. Re1 Nxd4 22. Nxd4 Bxd4 23. Qh6 Qxc5 24. Bg5 Bxf2+ 25. Kh1 Bxe1
26. Bf6 Bd2 27. Qg7# { Black checkmated } 1-0

[Event "ICC tourney 2357 (30 5)"]
[Site "Internet Chess Club"]
[Date "2021.01.30"]
[Round "2"]
[White "julianminer"]
[Black "SABXMSJoel"]
[Result "0-1"]
[ICCResult "White checkmated"]
[WhiteElo "292"]
[BlackElo "804"]
[Opening "Queen's bishop game"]
[ECO "D02"]
[NIC "QP.08"]
[Time "12:50:58"]
[PlyCount "66"]
[TimeControl "1800+5"]

1. d4 d5 2. Nf3 Nf6 3. Bf4 e6 4. e3 Be7 5. c3 O-O 6. Nbd2 Nc6 7. Bd3 Bd7 8.
Nb3 Bc8 9. O-O Bd6 10. Bxd6 Qxd6 11. Qb1 Bd7 12. Bxh7+ Nxh7 13. Nh4 Ng5 14.
e4 dxe4 15. Re1 Qe7 16. Re3 Nh7 17. Rh3 g6 18. Qxe4 e5 19. Nf3 Bxh3 20.
gxh3 exd4 21. cxd4 Qxe4 22. Nbd2 Qe7 23. Re1 Qd7 24. Ne4 Nxd4 25. Ne5 Qe7
26. Nxg6 fxg6 27. Ra1 Qxe4 28. Rb1 Ne2+ 29. Kf1 Qf5 30. Kxe2 Qxf2+ 31. Kd1
Rad8+ 32. Kc1 Rfe8 33. Ra1 Re1# { White checkmated } 0-1

[Event "ICC tourney 2357 (30 5)"]
[Site "Internet Chess Club"]
[Date "2021.01.30"]
[Round "2"]
[White "SAJohn"]
[Black "yputumbaka"]
[Result "1-0"]
[ICCResult "Black checkmated"]
[WhiteElo "786"]
[BlackElo "635"]
[Opening "Hungarian defense"]
[ECO "C50"]
[NIC "IG.03"]
[Time "12:50:54"]
[PlyCount "117"]
[TimeControl "1800+5"]

1. e4 e5 2. Nf3 Nc6 3. Bc4 Be7 4. d3 Nf6 5. Bg5 h6 6. Bxf6 Bxf6 7. Nc3 O-O
8. Nd5 d6 9. Nxf6+ Qxf6 10. h3 Be6 11. Bb3 Ne7 12. Bxe6 fxe6 13. Qe2 d5 14.
exd5 exd5 15. Rb1 Nc6 16. O-O Rae8 17. Qd2 Rd8 18. Qc1 b5 19. Qe3 a6 20.
Rbe1 d4 21. Qe4 Nb4 22. a3 Nd5 23. Qxe5 Qxe5 24. Nxe5 b4 25. Nc6 Rd6 26.
Nxb4 Nxb4 27. axb4 Rb6 28. c3 dxc3 29. bxc3 Rd8 30. d4 Rc6 31. Re3 Rc4 32.
Ra1 Ra8 33. Kf1 Kf7 34. Ke2 Kf6 35. Kd3 Rc6 36. b5 Rb6 37. bxa6 Rbxa6 38.
Rxa6+ Rxa6 39. Rf3+ Ke6 40. Ke4 g5 41. d5+ Ke7 42. c4 c6 43. dxc6 Rxc6 44.
Kd5 Rd6+ 45. Kc5 Rd8 46. Re3+ Kf7 47. Kb6 Rc8 48. c5 Kf6 49. c6 Kf5 50. c7
Kf4 51. Kb7 Rf8 52. Rf3+ Ke5 53. Rxf8 Ke6 54. c8=Q+ Ke7 55. Qd8+ Ke6 56.
Rf6+ Ke5 57. Qd6+ Ke4 58. Re6+ Kf5 59. Qe5# { Black checkmated } 1-0